 Dungeon Crawl Stone Soup version 0.17-a0-2171-ga91b4ec (webtiles) character file.

69209 septik the Warrior (level 14, -21/135 HPs)
             Began as a Minotaur Berserker on Oct 25, 2015.
             Was the Champion of Trog.
             Demolished by an orc knight
             ... wielding a +0 battleaxe
              (27 damage)
             ... on level 4 of the Orcish Mines.
             The game lasted 01:26:10 (25502 turns).

septik the Warrior (Minotaur Berserker)            Turns: 25502, Time: 01:26:11

Health: -21/135    AC: 24    Str: 25    XL:     14   Next: 89%
Magic:  13/13      EV: 13    Int:  8    God:    Trog [******]
Gold:   1529       SH:  0    Dex: 12    Spells: 0 memorised, 13 levels left

rFire  + + .     SeeInvis .     J - +3 whip of the Eel {slash, rF+ rC+ Int+4}
rCold  + . .     Clarity  .     G - +2 plate armour {rC+}
rNeg   . . .     SustAt   .     (no shield)
rPois  .         Gourm    .     (helmet restricted)
rElec  .         Spirit   .     D - +1 cloak
rCorr  .         Warding  .     P - +0 pair of gloves
rMut   +         Stasis   .     (no boots)
MR     +....                    L - amulet of resist mutation
Stlth  ..........               q - +2 ring of protection
                                Q - ring of fire

@: exhausted, slowed, very slow, somewhat resistant to hostile enchantments,
extremely unstealthy
A: retaliatory headbutt, horns 2
a: Berserk, Trog's Hand, Brothers in Arms, Burn Spellbooks, Renounce Religion


You were on level 4 of the Orcish Mines.
You worshipped Trog.
Trog was exalted by your worship.
You were hungry.

You visited 3 branches of the dungeon, and saw 23 of its levels.
You also visited: Bailey and Ice Cave.

You collected 2847 gold pieces.
You spent 1318 gold pieces at shops.

Inventory:

Hand Weapons
 p - the +8 quarterstaff of Xufeady {flame, rPois}
   (Trog gifted it to you on level 1 of the Lair of Beasts)

   It has been specially enchanted to burn those struck by it, causing extra
   injury to most foes and up to half again as much damage against particularly
   susceptible opponents.
   It protects you from poison.
 H - the +1 morningstar of Bodily Harmony {crush, -Tele MR+ Str+2 Int+3}
   (Trog gifted it to you on level 4 of the Orcish Mines)

   It inflicts extra damage upon your enemies.
   It affects your strength (+2).
   It affects your intelligence (+3).
   It affects your resistance to hostile enchantments.
   It prevents most forms of teleportation.
 J - the +3 whip of the Eel (weapon) {slash, rF+ rC+ Int+4}
   (You bought it in a shop on level 3 of the Orcish Mines)

   It inflicts extra damage upon your enemies.
   It affects your intelligence (+4).
   It protects you from fire.
   It protects you from cold.
 U - a +4 antimagic great mace
Missiles
 F - 9 javelins (quivered)
Armour
 b - the +3 ring mail of the Ten Demons {rCorr Str+4}
   (You found it on level 5 of the Lair of Beasts)

   It affects your strength (+4).
   It protects you from acid and corrosion.
 D - a +1 cloak (worn)
 G - a +2 plate armour of cold resistance (worn)
 P - a +0 pair of gloves (worn)
Rods
 A - a +4 rod of shadows (13/13)
   (You acquired it on level 3 of the Lair of Beasts)
Jewellery
 g - an uncursed ring of see invisible
 q - a +2 ring of protection (right hand)
 C - a +3 ring of intelligence
 L - an amulet of resist mutation (around neck)
 O - a +4 ring of dexterity
 Q - a ring of fire (left hand)
 R - an uncursed ring of sustain attributes
 S - an uncursed ring of positive energy
Scrolls
 e - 6 scrolls of recharging
 f - 8 scrolls of teleportation
 j - 10 scrolls of identify
 l - 5 scrolls of remove curse
 m - a scroll of immolation
 r - 3 scrolls of fear
 y - 3 scrolls of blinking
 E - 3 scrolls of fog
 K - 3 scrolls of enchant armour
 T - 5 scrolls of enchant weapon
Potions
 a - 2 potions of agility {unknown}
 d - 8 potions of curing
 h - a potion of brilliance
 k - a potion of magic
 o - a potion of heal wounds
 v - a potion of cure mutation
 w - 3 potions of resistance
 x - 4 potions of degeneration
 z - 2 potions of ambrosia
 I - a potion of experience {unknown}
 V - a potion of cancellation
 W - 6 potions of might {unknown}
 X - 4 potions of flight {unknown}
 Y - a potion of invisibility {unknown}
Miscellaneous
 n - a stone of tremors
Comestibles
 c - 6 bread rations
 i - 8 fruits
 s - 4 chunks of flesh
 t - a royal jelly
 u - 8 meat rations
 B - 3 slices of pizza
 Z - 22 beef jerkies


   Skills:
 + Level 15.4 Fighting
 - Level 14.4(16.2) Maces & Flails
 - Level 13.0(15.5) Staves
 + Level 13.2 Armour
 + Level 12.5 Dodging
   Level 5.0 Shields


You had 13 spell levels left.
You didn't know any spells.

Dungeon Overview and Level Annotations

Branches:
Dungeon (11/15)            Temple (0/1) D:5            Lair (8/8) D:10
 Shoals (0/4) Lair:5        Snake (0/4) Lair:5        Slime (0/6) Lair:8
    Orc (4/4) D:11            Elf (0/3) Orc:3

Altars:
Ashenzari
Cheibriados
Elyvilon
Fedhas
Kikubaaqudgha
Makhleb
Nemelex Xobeh
Okawaru
Qazlal
Ru
Sif Muna
Trog
Vehumet
Yredelemnul
The Shining One
Jiyva

Shops:
D:5 *[[}?   Orc:1 ?   Orc:3 [*([:


Innate Abilities, Weirdness & Mutations

You reflexively headbutt those who attack you in melee.
You have a pair of horns on your head.


Message History

The orc warlord hits you but does no damage.
Read which item? (? for menu, Esc to quit)
As you read the scroll of immolation, it crumbles to dust.
The creatures around you are filled with an inner flame!
The sixfirhy hits you but does no damage.
The sixfirhy misses you. You furiously retaliate!
You headbutt the sixfirhy!
The sixfirhy hits you but does no damage.
The orc priest calls down the wrath of Beogh upon you.
Something smites you!
* * * LOW HITPOINT WARNING * * *
The orc priest mumbles some strange prayers to Beogh against you.
Something smites you!
* * * LOW HITPOINT WARNING * * *
The orc wizard casts a spell.
The orc wizard seems to speed up.
The sixfirhy misses you.
The orc sorcerer mumbles some strange words.
The orc high priest closely misses you. The orc sorcerer closely misses you.
You furiously retaliate!
You headbutt the orc sorcerer!!
The orc knight hits you with a battleaxe!!
You die...

#......###.......#.....)))#
##.....##.....)...........#
###..##.........)...)##...
##....##.........).....<...
#.....#..........#)#..###..
##..................### #..
#...........%......## ##.
##.................# ##
##.......3@o3o%..... #
#........4oooo...... ##
##........ooo%.....% #.
###.#..%..o.ooo...#. ##
#########oo%oo### #


ooo4o%3.# §o)ooo.4.# #..o)))o%)# #..oooo.))# You could see an orc warlord (inner
flame), an orc knight (frenzied), a soul eater, an ice devil, 2 orc high
priests, an orange demon, a sixfirhy, a blue devil, a chaos spawn, 3 orc
sorcerers, 5 orc warriors, 4 orc priests, 4 orc wizards and 5 orcs.

Vanquished Creatures
  A frost giant (IceCv)
  The ghost of Skaffen the Basher, a journeyman DsMo of Okawaru (IceCv)
  6 hydras
  Erica (D:10)
  A catoblepas (Lair:8)
  3 death yaks (Lair:7)
  An orc high priest (Orc:4)
  A deep elf knight (Bailey)
  Urug (Lair:4)
  An unseen horror (D:10)
  A swamp dragon (Lair:7)
  An ice statue (IceCv)
  2 orc knights
  Pikel (D:9)
  2 ugly things (D:11)
  A hill giant (D:10)
  An oklob plant (D:10)
  An orc sorcerer (Orc:4)
  A manticore (D:11)
  7 black mambas
  A griffon (Lair:6)
  3 elephants (Lair:8)
  A siren (Lair:5)
  Joseph (D:10)
  2 torpor snails
  7 spiny frogs
  5 komodo dragons
  2 fire drakes (Lair:7)
  A deep elf priest (Bailey)
  5 trolls
  A slime creature (Lair:7)
  22 polar bears
  A two-headed ogre (Orc:3)
  A boulder beetle (Lair:7)
  A raiju (Lair:8)
  22 blink frogs
  The ghost of Conn321 the Magician, an amateur DEWz (D:4)
  5 deep elf magi
  8 hippogriffs
  2 basilisks
  46 yaks
  5 nagas (Lair:5)
  2 vampire mosquitoes (Lair:7)
  3 wyverns
  3 swamp worms (Lair:7)
  4 fire bats (Lair:7)
  8 wargs
  2 deep elf fighters (Bailey)
  37 wolves
  10 porcupines
  13 water moccasins
  5 hell hounds (Lair:8)
  Duvessa (D:4)
  2 sky beasts
  15 orc warriors
  A swamp drake (Lair:7)
  12 black bears (Lair:8)
  10 ice beasts
  2 phantoms
  2 necrophages
  4 ogres
  3 centaurs
  2 big kobolds
  19 giant frogs
  13 crocodiles
  Dowan (D:4)
  4 scorpions
  A water moccasin skeleton (D:9)
  The ghost of septik the Cudgeler, a weakling MiBe of Trog (D:3)
  2 electric eels
  12 killer bees
  6 crimson imps
  8 wights
  A gnoll shaman (D:6)
  18 hounds
  17 orc priests
  4 jellies (D:6)
  2 giant frog skeletons
  4 iguanas
  9 hell rats
  40 orc wizards
  2 quasits
  10 worker ants
  A killer bee zombie (D:11)
  31 sheep
  A hound skeleton (D:4)
  A hound zombie (D:5)
  A worker ant zombie (D:7)
  13 gnolls
  19 adders
  A shadow imp (D:5)
  88 river rats
  2 oozes
  An adder zombie (D:9)
  An adder skeleton (D:5)
  6 worms
  170 orcs
  5 ball pythons
  5 bats
  12 goblins
  9 hobgoblins
  10 jackals
  5 quokkas
  4 giant cockroaches
  A giant gecko (D:2)
  A giant gecko zombie (D:6)
  7 giant newts
  17 kobolds
  2 quokka zombies
  10 rats
  5 plants
922 creatures vanquished.

Vanquished Creatures (collateral kills)
  2 hydras
  An iguana (Lair:1)
  5 sheep (Lair:1)
8 creatures vanquished.

Vanquished Creatures (others)
  A slave (D:9)
  An ogre (D:9)
  A scorpion (D:9)
  An orc priest (Orc:4)
  A hell rat (Lair:7)
  2 river rats (Lair:6)
  7 fungi
  9 plants
23 creatures vanquished.

Grand Total: 953 creatures vanquished

Notes
Turn   | Place    | Note
--------------------------------------------------------------
     0 | D:1      | septik the Minotaur Berserker began the quest for the Orb.
     0 | D:1      | Reached XP level 1. HP: 19/19 MP: 0/0
   260 | D:1      | Reached skill level 4 in Fighting
   342 | D:1      | Reached XP level 2. HP: 27/27 MP: 1/1
   881 | D:1      | Reached ** piety under Trog
  1120 | D:2      | Reached XP level 3. HP: 34/34 MP: 2/2
  1192 | D:2      | Found a shattered altar of Ashenzari.
  1539 | D:2      | Found a sacrificial altar of Ru.
  1543 | D:2      | Reached skill level 5 in Fighting
  1543 | D:2      | Reached XP level 4. HP: 36/42 MP: 3/3
  2106 | D:2      | Found a blossoming altar of Fedhas.
  2169 | D:3      | Noticed septik's ghost (weakling MiBe)
  2174 | D:3      | Killed septik's ghost
  2174 | D:3      | Reached skill level 6 in Fighting
  2174 | D:3      | Reached skill level 5 in Maces & Flails
  2174 | D:3      | Reached XP level 5. HP: 50/50 MP: 4/4
  2531 | D:3      | Reached *** piety under Trog
  3313 | D:4      | Reached XP level 6. HP: 41/57 MP: 5/5
  3478 | D:4      | Noticed Duvessa
  3488 | D:4      | Noticed Dowan
  3498 | D:4      | Killed Duvessa
  3498 | D:4      | Reached skill level 7 in Maces & Flails
  3501 | D:4      | Killed Dowan
  3574 | D:4      | Reached skill level 8 in Maces & Flails
  3748 | D:4      | Found a snail-covered altar of Cheibriados.
  3754 | D:4      | Reached XP level 7. HP: 63/63 MP: 6/6
  3804 | D:4      | Noticed Conn321's ghost (amateur DEWz)
  3815 | D:4      | Killed Conn321's ghost
  3815 | D:4      | Reached skill level 9 in Maces & Flails
  4136 | D:5      | Entered Level 5 of the Dungeon
  4181 | D:5      | Found Tasak's Armour Shoppe.
  4278 | D:5      | Found Ixkeg's Antique Armour Shoppe.
  4294 | D:5      | Bought a glowing cloak for 85 gold pieces
  4348 | D:5      | Found Qoromiod's Assorted Antiques.
  4435 | D:5      | Reached **** piety under Trog
  4478 | D:5      | Found a basalt altar of Yredelemnul.
  4487 | D:5      | Found a glowing golden altar of the Shining One.
  4515 | D:5      | Reached skill level 10 in Maces & Flails
  4518 | D:5      | Found a staircase to the Ecumenical Temple.
  4748 | D:5      | Found Kamomun's Magic Scroll Shop.
  4756 | D:5      | Reached XP level 8. HP: 70/70 MP: 7/7
  4836 | D:5      | Found Sumesch's Gadget Shop.
  4910 | D:5      | Noticed an angel
  5280 | D:6      | Reached skill level 11 in Maces & Flails
  6178 | D:6      | Paralysed by a gnoll for 3 turns
  6275 | D:6      | Reached skill level 12 in Maces & Flails
  6416 | D:6      | Found a bloodstained altar of Trog.
  6807 | D:6      | Found a radiant altar of Vehumet.
  6807 | D:6      | Found a burning altar of Makhleb.
  6912 | D:6      | Reached skill level 13 in Maces & Flails
  7183 | D:6      | Reached XP level 9. HP: 42/75 MP: 8/8
  7479 | D:7      | Found a stormy altar of Qazlal.
  7558 | D:7      | Found an iron altar of Okawaru.
  7610 | D:7      | Found an ancient bone altar of Kikubaaqudgha.
  7651 | D:7      | Found a white marble altar of Elyvilon.
  7664 | D:7      | Reached skill level 14 in Maces & Flails
  7853 | D:7      | Reached ***** piety under Trog
  8131 | D:8      | Reached skill level 1 in Shields
  8318 | D:8      | Reached XP level 10. HP: 84/84 MP: 9/9
  8388 | D:8      | Found a sparkling altar of Nemelex Xobeh.
  8826 | D:8      | Got a pitted hand axe
  8827 | D:8      | Identified the +3 hand axe of the Spinneret {chop, *Confuse Str+4 Int+3} (You found it on level 8 of the Dungeon)
  8835 | D:8      | Reached skill level 5 in Shields
  9072 | D:9      | Noticed Pikel
  9081 | D:9      | Killed Pikel
  9200 | D:9      | Reached skill level 5 in Armour
  9269 | D:9      | Received a gift from Trog
  9724 | D:9      | Found a shattered altar of Ashenzari.
  9882 | D:10     | Entered Level 10 of the Dungeon
  9882 | D:10     | Noticed Erica
  9897 | D:10     | Killed Erica
  9897 | D:10     | Reached skill level 5 in Dodging
  9968 | D:10     | Noticed Joseph
  9984 | D:10     | Killed Joseph
 10187 | D:10     | Noticed an unseen horror
 10193 | D:10     | Killed an unseen horror
 10193 | D:10     | Reached skill level 10 in Fighting
 10200 | D:10     | Reached XP level 11. HP: 99/99 MP: 10/10
 10204 | D:10     | Noticed an oklob plant
 10381 | D:10     | Noticed a hill giant
 10390 | D:10     | Killed a hill giant
 10467 | D:10     | Found a staircase to the Lair.
 10782 | D:10     | Killed an oklob plant
 10827 | Lair:1   | Entered Level 1 of the Lair of Beasts
 10870 | Lair:1   | Noticed a five-headed hydra
 10878 | Lair:1   | Killed a five-headed hydra
 11690 | Lair:1   | Received a gift from Trog
 11713 | Lair:1   | Got an ancient quarterstaff {god gift}
 11714 | Lair:1   | Identified the +8 quarterstaff of Xufeady {flame, rPois} (Trog gifted it to you on level 1 of the Lair of Beasts)
 12012 | Lair:1   | Reached skill level 1 in Staves
 12406 | Lair:1   | Noticed a six-headed hydra
 12411 | Lair:1   | Killed a six-headed hydra
 12534 | Lair:2   | Reached XP level 12. HP: 91/112 MP: 11/11
 12807 | Lair:2   | Reached skill level 5 in Staves
 12998 | Lair:3   | Noticed an eight-headed hydra
 13002 | Lair:3   | Killed an eight-headed hydra
 13121 | Lair:3   | Identified a scroll of acquirement
 13122 | Lair:3   | Noticed a five-headed hydra
 13129 | Lair:3   | Killed a five-headed hydra
 13135 | Lair:3   | Identified a +4 rod of shadows (13/13) (You acquired it on level 3 of the Lair of Beasts)
 14244 | Lair:4   | Noticed Urug
 14258 | Lair:4   | Killed Urug
 14258 | Lair:4   | Received a gift from Trog
 14976 | Lair:5   | Found a staircase to the Snake Pit.
 15204 | Lair:5   | Reached skill level 10 in Armour
 15290 | Lair:5   | Got a heavily runed ring mail
 15301 | Lair:5   | Identified the +3 ring mail of the Ten Demons {rCorr Str+4} (You found it on level 5 of the Lair of Beasts)
 15370 | Lair:5   | Found a staircase to the Shoals.
 15536 | Lair:5   | Reached XP level 13. HP: 102/122 MP: 12/12
 16463 | Lair:6   | Reached skill level 10 in Staves
 17011 | Lair:7   | Reached skill level 10 in Dodging
 17345 | Lair:7   | Received a gift from Trog
 17417 | Lair:7   | Reached ****** piety under Trog
 18791 | Lair:8   | Entered Level 8 of the Lair of Beasts
 18887 | Lair:8   | Found a shattered altar of Ashenzari.
 18952 | Lair:8   | Received a gift from Trog
 19316 | Lair:8   | Found a viscous altar of Jiyva.
 19316 | Lair:8   | Found a staircase to the Slime Pits.
 19822 | Lair:8   | Reached XP level 14. HP: 115/133 MP: 13/13
 21335 | D:11     | Found a staircase to the Orcish Mines.
 21348 | D:11     | Received a gift from Trog
 21625 | Orc:1    | Entered Level 1 of the Orcish Mines
 21711 | Orc:1    | Found a frozen archway.
 21739 | IceCv    | Entered an ice cave
 22602 | IceCv    | Reached skill level 15 in Fighting
 22658 | IceCv    | Noticed a frost giant
 22671 | IceCv    | Killed a frost giant
 22677 | IceCv    | Received a gift from Trog
 22893 | IceCv    | Noticed Skaffen's ghost (journeyman DsMo)
 22903 | IceCv    | Killed Skaffen's ghost
 23070 | Orc:1    | Found Senkien's Magic Scroll Shoppe.
 23082 | Orc:1    | Bought a scroll of enchant armour for 97 gold pieces
 23082 | Orc:1    | Bought a scroll of teleportation for 39 gold pieces
 23082 | Orc:1    | Bought a scroll of blinking for 97 gold pieces
 23515 | Orc:2    | Found a flagged portal.
 23538 | Bailey   | Entered a bailey
 23661 | Bailey   | Received a gift from Trog
 24314 | Orc:3    | Found Zeiry's Antique Armour Shop.
 24319 | Orc:3    | Bought a glowing plate armour for 690 gold pieces
 24340 | Orc:3    | Found Doatuyfi's Book Shoppe.
 24439 | Orc:3    | Found a deep blue altar of Sif Muna.
 24629 | Orc:3    | Found a staircase to the Elven Halls.
 24645 | Orc:3    | Found Wesin's General Store.
 24646 | Orc:3    | Found Haruo's Antique Weapon Shop.
 24673 | Orc:3    | Bought a scimitar for 108 gold pieces
 24677 | Orc:3    | Bought a slimy whip for 202 gold pieces
 24677 | Orc:3    | Identified the cursed +3 whip of the Eel {slash, rF+ rC+ Int+4} (You bought it in a shop on level 3 of the Orcish Mines)
 24688 | Orc:3    | Found Jeuskon's Armour Shoppe.
 24994 | Orc:4    | Entered Level 4 of the Orcish Mines
 25006 | Orc:4    | Paralysed by an orc sorcerer for 4 turns
 25161 | Orc:4    | Received a gift from Trog
 25171 | Orc:4    | Got a slimy morningstar {god gift}
 25172 | Orc:4    | Identified the +1 morningstar of Bodily Harmony {crush, -Tele MR+ Str+2 Int+3} (Trog gifted it to you on level 4 of the Orcish Mines)
 25479 | Orc:4    | Noticed an orc warlord
 25502 | Orc:4    | HP: 6/135 [orc priest/divine providence (10)]
 25502 | Orc:4    | Demolished by an orc knight

Vault maps used:
D:1:      dpeg_arrival_short_road, minmay_tree_intersection
D:2:      nicolae_ru_great_annihilating_truth, fedhas_altar_2, ashenzari_altar_1
D:4:      lemuel_round_altar, first_bread, nrook_mini_vaults, uniq_duvessa
D:5:      grunt_temple_overflow_holy_war, minmay_temple_entry_glass,
          serial_shops, shop_fountains, shop, shop_fountains, shop, shop,
          hangedman_abyss_or_decor_slice
D:6:      grunt_temple_overflow_lords_of_destruction,
          hangedman_abyss_or_decor_stagger, trog_three_pillars_becter
D:7:      lemuel_doored_altar, elyvilon_altar_3, okawaru_metal_pillars_1_2,
          nicolae_overflow_crystal_walls
D:8:      nemelex_xobeh_ov_fountains_minmay
D:9:      lemuel_coloured_pillars_altar, uniq_pikel
D:10:     dpeg_oklobed_lair, uniq_joseph, uniq_erica
D:11:     orc_0_dummy
Lair:1:   infiniplex_staircase_pool
Lair:3:   st_stairs_3, small_statue_intersection, grunt_megastairs_2
Lair:4:   bh_autumn_forest_stairs, uniq_urug
Lair:5:   minmay_lair_venomous_thicket, minmay_shoals_entry_lonely_mermaid,
          minmay_snake_entry_guardpost_medium
Lair:7:   onia_ninara_swampy_vault
Lair:8:   hangedman_lair_caniforms_friends, slime_altar_1, basic_altar
Orc:1:    serial_shops, shop_statue, portal_ice_cave_entry_ice_beasts
Orc:2:    enter_bailey_7, nicolae_orc_crystal_geode
Orc:3:    serial_shops, shop, nicolae_shop_trees, shop, nicolae_shop_trees,
          shop, nicolae_orc_pool_cavern, led_sif_book
Orc:4:    st_orc_congregation, nicolae_orc_flooded_monolith
Bailey:   bailey_polearm_3, bailey
IceCv:    ice_cave_small_giant

Action                   |  1- 3 |  4- 6 |  7- 9 | 10-12 | 13-15 || total
-------------------------+-------+-------+-------+-------+-------++-------
Melee: Mace              |    72 |    13 |       |       |       ||    85
       Whip              |       |   161 |   206 |   411 |   134 ||   912
       Flail             |       |       |   199 |    25 |       ||   224
       Hand axe          |       |       |       |    33 |       ||    33
       Quarterstaff      |       |       |       |   347 |  1024 ||  1371
       Great mace        |       |       |       |    27 |       ||    27
Invok: Berserk           |     1 |     3 |     7 |     4 |     8 ||    23
       Brothers in Arms  |       |       |       |     3 |       ||     3
       Burn Spellbooks   |       |       |       |     1 |     3 ||     4
  Use: Scroll            |       |       |     4 |    23 |     7 ||    34
       Potion            |       |       |       |       |     1 ||     1
 Stab: Paralysed         |       |     1 |       |       |       ||     1
       Confused          |       |       |       |       |     2 ||     2
  Eat: Chunk             |     3 |    10 |    11 |    25 |    39 ||    88
       Bread ration      |       |       |     2 |     1 |       ||     3
       Fruit             |       |       |       |       |     1 ||     1
